 Dungeon Crawl Stone Soup version 0.21.0-25-ge575cb9 (webtiles) character file.

45742 Miyamura the Martial Artist (level 14, -1/118 HPs)
             Began as an Octopode Transmuter on Jan 24, 2018.
             Was the Champion of Elyvilon.
             Shot with an arrow by a centaur warrior (26 damage)
             ... on level 11 of the Dungeon.
             The game lasted 01:01:07 (30610 turns).

Miyamura the Martial Artist (Octopode Transmuter)  Turns: 30610, Time: 01:01:07

Health: -1/118     AC:  7    Str: 10    XL:     14   Next: 34%
Magic:  27/27      EV: 24    Int: 17    God:    Elyvilon [******]
Gold:   1592       SH:  2    Dex: 15    Spells: 12/32 levels left

rFire    x . .     SeeInvis .     - Unarmed
rCold    + + +     Gourm    .   (shield currently unavailable)
rNeg     . . .     Faith    .   (helmet currently unavailable)
rPois    +         Spirit   .   t - +2 amulet of reflection
rElec    .         Reflect  +   d - +5 ring of evasion
rCorr    .         Harm     .   D - +2 ring of slaying
MR       +....                  y - +3 ring of evasion
Stlth    +++.......             (no ring)
HPRegen  0.29/turn              (no ring)
MPRegen  0.20/turn              (no ring)
                                (no ring)
                                (no ring)

@: ice-form (expiring)
A: large, almost no armour, stealthy swim, amphibious, 8 rings, (constrict 8)
a: End Transformation, Lesser Healing, Heal Other, Purification, Greater
Healing, Divine Vigour, Divine Protection, Renounce Religion


You were on level 11 of the Dungeon.
You worshipped Elyvilon.
Elyvilon was exalted by your worship.
You were near starving.
You were a creature of crystalline ice.
You visited 3 branches of the dungeon, and saw 18 of its levels.

You collected 1592 gold pieces.

Inventory:

Hand Weapons
 A - a +4 blowgun
Missiles
 a - 92 arrows
 i - 4 javelins (quivered)
 j - 49 poisoned needles
 z - 3 needles of paralysis
 I - 8 needles of confusion
Magical Staves
 o - an uncursed staff of power
Jewellery
 d - a +5 ring of evasion (left front paw)
 t - a +2 amulet of reflection (around neck)
 y - a +3 ring of evasion (on tentacle)
 D - a +2 ring of slaying (right front paw)
Wands
 f - a wand of flame (26)
 C - a wand of paralysis (31)
 E - a wand of polymorph (26)
 F - a wand of acid (8)
 H - a wand of iceblast (1)
Scrolls
 e - 7 scrolls of teleportation
 k - a scroll of blinking
 q - a scroll of enchant armour
 r - 12 scrolls of remove curse
 s - 5 scrolls of amnesia
 u - a scroll of fog
 v - 2 scrolls of fear
 G - 2 scrolls of immolation
Potions
 g - 3 potions of lignification
 l - 3 potions of flight
 m - a potion of mutation
 n - a potion of resistance
 p - 2 potions of brilliance
 w - a potion of cancellation
 x - a potion of berserk rage
 B - 2 potions of invisibility
 K - 2 potions of might
 L - 2 potions of heal wounds {unknown}
Books
 b - a book of Changes

   Spells                             Type                      Level
   a - Beastly Appendage              Transmutation                1
   b - Sticks to Snakes               Transmutation                2
   c - Spider Form                    Transmutation/Poison         3
   d - Ice Form                       Ice/Transmutation            4
   e - Blade Hands                    Transmutation                5
 J - a book of Maledictions

   Spells                             Type                      Level
   a - Corona                         Hexes                        1
   b - Ensorcelled Hibernation        Hexes/Ice                    2
   c - Confuse                        Hexes                        3
   d - Tukima's Dance                 Hexes                        3
   e - Dazzling Spray                 Conjuration/Hexes            3
Miscellaneous
 h - a box of beasts
Comestibles
 c - 30 rations
 M - 3 chunks of flesh


   Skills:
 + Level 10.2 Fighting
 + Level 10.5 Dodging
 - Level 4.6 Stealth
 + Level 10.5 Unarmed Combat
 + Level 9.6 Spellcasting
 + Level 1.3 Hexes
 - Level 10.2 Transmutations
 - Level 4.7 Ice Magic
 + Level 9.1 Invocations


You had 12 spell levels left.
You knew the following spells:

 Your Spells              Type           Power        Failure   Level  Hunger
b - Blade Hands           Tmut           #####.....   3%          5    #####..
c - Confuse               Hex            ##......     16%         3    None
d - Tukima's Dance        Hex            ##......     16%         3    None
i - Ice Form              Ice/Tmut       ####....     4%          4    ###....
s - Spider Form           Tmut/Pois      ####......   3%          3    None
t - Sticks to Snakes      Tmut           #####...     1%          2    None


Dungeon Overview and Level Annotations

Branches:
Dungeon (11/15)            Temple (1/1) D:6            Lair (6/6) D:10
 Shoals (0/4) Lair:4        Snake (0/4) Lair:2        Slime (0/5) Lair:5
    Orc: D:9-12

Altars:
Ashenzari
Cheibriados
Dithmenos
Elyvilon
Fedhas
Gozag
Hepliaklqana
Kikubaaqudgha
Makhleb
Nemelex Xobeh
Okawaru
Qazlal
Ru
Sif Muna
Trog
Uskayaw
Vehumet
Wu Jian
Xom
Yredelemnul
Zin
The Shining One
Jiyva

Annotations:
D:1 exclusion: 2 downstairs
D:3 Lovchig's ghost, amateur DDFi
Lair:2 2 exclusions, Sonja
Lair:4 exclusion: 2 oklob plants
Lair:5 exclusion: downstairs


Innate Abilities, Weirdness & Mutations

You cannot wear most types of armour.
You are very stealthy in the water. (Stealth+)
You are amphibious.
You can wear up to eight rings at the same time.
((You can use your tentacles to constrict eight enemies at once.))
((Your skin changes colour to match your surroundings (Stealth+).))
((Your rubbery body absorbs attacks. (AC +1, EV +1)))


Message History

The eye of draining gazes at you.
The centaur warrior wields a longbow.
The centaur warrior shoots an arrow.
The arrow hits you!!
You hear a bellow!
You see here an arrow.
The centaur warrior shoots an arrow.
The arrow hits you!
You see here an arrow.
The centaur warrior shoots an arrow.
The arrow hits you!
You see here an arrow.
Your transformation is almost over.
The centaur warrior wields a longbow.
The centaur warrior shoots an arrow.
The arrow hits you!! The hungry ghost hits you.
You are near starving!
A two-headed ogre comes into view.
It is wielding a dire flail and a giant spiked club.
You see here an arrow.
The centaur warrior shoots an arrow.
The arrow hits you!!
You hear a bellow!
You see here an arrow.
The centaur warrior shoots an arrow.
The arrow hits you!!
You die...

#.# .# ..# G. #.# .# #..# .#
#.###########.###..# .#
#...........)......# #.#
#.########.........#####O#####
#.............###..#.........#
###.######.#####...#.........#
#.# #.#####...#.cs......# #.#
#.....Y(W.#Y.(......### #.#
#.#####...csc..........
#.######.#####...#(...)....##
#............##..#.........#
############.##..#.........#
#..#.........# ##.#####.#####
#.. .... #.# ##...


You could see a wolf spider, 2 centaur warriors and a hungry ghost.

Vanquished Creatures
  Snorg (Lair:5)
  The ghost of komo4ek the Cleaver, a journeyman HuAr of Makhleb (Lair:1)
  Josephine (Lair:5)
  2 hydras (Lair:3)
  Harold (Lair:3)
  3 two-headed ogres
  A merfolk avatar (Lair:6)
  2 death yaks (Lair:5)
  A lindwurm (Lair:6)
  2 harpies (Lair:6)
  A manticore (Lair:6)
  7 elephants (Lair:6)
  2 black mambas
  An ice statue (Lair:5)
  8 spiny frogs
  A gargoyle (D:10)
  3 torpor snails
  2 kobold demonologists (D:11)
  3 rime drakes
  5 komodo dragons
  An ice devil (Lair:5)
  A wind drake (Lair:6)
  3 trolls
  9 polar bears
  A merfolk (Lair:4)
  A hornet (Lair:6)
  8 blink frogs
  5 hippogriffs
  4 dream sheep (Lair:6)
  Sigmund (D:2)
  A spriggan (D:7)
  4 wyverns
  Eustachio (D:5)
  4 wraiths (Lair:5)
  A basilisk (Lair:5)
  47 yaks
  2 hungry ghosts
  A naga (Lair:3)
  13 water moccasins
  A hell hound (D:10)
  6 orc warriors
  13 porcupines
  12 ice beasts
  2 sky beasts
  A phantom (D:4)
  3 ogres
  18 wolves
  3 centaurs
  11 crocodiles
  2 big kobolds
  12 bullfrogs
  A wyvern skeleton (D:7)
  4 scorpions
  13 wights
  3 electric eels (D:10)
  3 howler monkeys (D:7)
  A jelly (D:9)
  3 centaur zombies
  8 crimson imps
  6 hounds
  8 orc wizards
  3 bullfrog skeletons
  6 orc priests
  3 iguanas
  Crazy Yiuf (D:2)
  Terence (D:1)
  4 worker ants
  A hound skeleton (D:7)
  A worker ant zombie (D:10)
  14 adders
  2 shadow imps (D:9)
  A white imp (Lair:5)
  An ooze (D:5)
  An adder zombie (D:8)
  2 adder skeletons
  3 worms
  2 dart slugs (D:1)
  6 leopard geckos
  28 orcs
  6 bats
  8 giant cockroaches
  9 goblins
  8 hobgoblins
  10 jackals
  17 kobolds
  5 quokkas
  A ball python (D:1)
  8 frilled lizards
  A leopard gecko skeleton (D:8)
  6 rats
  A spectral orc (D:9)
  A fungus (Lair:2)
  2 plants
453 creatures vanquished.

Vanquished Creatures (collateral kills)
  2 manticores (Lair:6)
  A komodo dragon (Lair:2)
  A hornet (Lair:6)
  4 blink frogs
  A dream sheep (Lair:6)
  A porcupine (Lair:5)
  The ghost of Monsterracer the Slasher, an amateur MiMo (D:5)
  An orc wizard (D:7)
  A leopard gecko (D:7)
  2 orcs (D:7)
  A plant (Lair:6)
16 creatures vanquished.

Vanquished Creatures (others)
  2 bushes (Lair:6)
  16 fungi
  24 plants
42 creatures vanquished.

Grand Total: 511 creatures vanquished

Notes
Turn   | Place    | Note
-------+----------+-------------------------------------------
     0 | D:1      | Miyamura the Octopode Transmuter began the quest for the Orb.
     0 | D:1      | Reached XP level 1. HP: 13/13 MP: 3/3
   118 | D:1      | Reached XP level 2. HP: 16/18 MP: 3/5
   124 | D:1      | Learned a level 2 spell: Sticks to Snakes
   273 | D:1      | Reached skill level 1 in Stealth
   799 | D:1      | Reached XP level 3. HP: 23/23 MP: 6/6
  1614 | D:2      | Noticed Terence
  1647 | D:1      | Killed Terence
  1647 | D:1      | Reached XP level 4. HP: 25/29 MP: 1/7
  1708 | D:2      | Learned a level 3 spell: Spider Form
  1717 | D:2      | Noticed Sigmund
  2407 | D:3      | Noticed Lovchig's ghost (amateur DDFi)
  3078 | D:3      | Reached XP level 5. HP: 34/34 MP: 8/8
  3923 | D:4      | Reached XP level 6. HP: 20/40 MP: 7/10
  4391 | D:4      | Found an ancient bone altar of Kikubaaqudgha.
  4466 | D:4      | Noticed a phantom
  4672 | D:4      | Reached XP level 7. HP: 46/46 MP: 9/12
  5476 | D:2      | Killed Sigmund
  5602 | D:2      | Found an iron altar of Okawaru.
  5692 | D:2      | Found a runed door.
  5697 | D:2      | Noticed Crazy Yiuf
  5704 | D:2      | Killed Crazy Yiuf
  5925 | D:3      | Found a sacrificial altar of Ru.
  6128 | D:5      | Entered Level 5 of the Dungeon
  6262 | D:4      | Learned a level 4 spell: Ice Form
  6286 | D:5      | Reached XP level 8. HP: 36/52 MP: 13/13
  6455 | D:5      | Noticed Monsterracer's ghost (amateur MiMo)
  6700 | D:5      | Found an ornate altar of the Wu Jian Council.
  7091 | D:5      | Killed Monsterracer's ghost
  7091 | D:5      | Reached skill level 1 in Ice Magic
  7175 | D:5      | Noticed Eustachio
  7190 | D:5      | Killed Eustachio
  7533 | D:5      | Found an opulent altar of Gozag.
  7534 | D:5      | Found a sparkling altar of Nemelex Xobeh.
  7588 | D:6      | Reached skill level 5 in Unarmed Combat
  7657 | D:6      | Found a burning altar of Makhleb.
  7657 | D:6      | Found a bloodstained altar of Trog.
  8671 | D:6      | Reached skill level 5 in Dodging
  8671 | D:6      | Reached XP level 9. HP: 59/59 MP: 12/15
  9261 | D:6      | Found a staircase to the Ecumenical Temple.
  9270 | Temple   | Entered the Ecumenical Temple
  9457 | Temple   | Became a worshipper of Elyvilon the Healer
  9539 | D:7      | Reached skill level 5 in Transmutations
  9873 | D:7      | Reached skill level 5 in Fighting
 10280 | D:7      | Reached * piety under Elyvilon
 10616 | D:7      | Reached skill level 5 in Spellcasting
 10788 | D:7      | Reached ** piety under Elyvilon
 11727 | D:7      | Found a hazy altar of Hepliaklqana.
 11748 | D:7      | Reached XP level 10. HP: 67/67 MP: 12/18
 11823 | D:7      | Found a deep blue altar of Sif Muna.
 12170 | D:8      | Found a bloodstained altar of Trog.
 12817 | D:9      | Found a stormy altar of Qazlal.
 12831 | D:9      | Reached *** piety under Elyvilon
 13539 | D:8      | Reached skill level 1 in Invocations
 14133 | D:9      | Noticed a two-headed ogre
 14151 | D:9      | Killed a two-headed ogre
 14488 | D:9      | Found a basalt altar of Yredelemnul.
 14927 | D:10     | Entered Level 10 of the Dungeon
 14927 | D:10     | Found a staircase to the Lair.
 15088 | D:10     | Reached XP level 11. HP: 60/74 MP: 16/20
 15120 | D:8      | HP: 1/74 [yak (17)]
 15663 | D:10     | Noticed a two-headed ogre
 15700 | D:10     | Killed a two-headed ogre
 15845 | D:10     | Reached **** piety under Elyvilon
 16449 | Lair:1   | Entered Level 1 of the Lair of Beasts
 16947 | Lair:1   | Noticed komo4ek's ghost (journeyman HuAr)
 17309 | Lair:1   | Killed komo4ek's ghost
 18137 | Lair:2   | Reached ***** piety under Elyvilon
 18222 | Lair:2   | Reached skill level 5 in Invocations
 18416 | Lair:2   | Learned a level 5 spell: Blade Hands
 18625 | Lair:2   | Reached XP level 12. HP: 79/82 MP: 17/23
 18931 | Lair:2   | Found a staircase to the Snake Pit.
 18931 | Lair:2   | Noticed Sonja
 20680 | Lair:3   | Noticed a four-headed hydra
 20692 | Lair:3   | Killed a four-headed hydra
 21267 | Lair:3   | Noticed a six-headed hydra
 21276 | Lair:3   | Killed a six-headed hydra
 21504 | Lair:3   | Noticed Harold
 21523 | Lair:3   | Killed Harold
 21698 | Lair:4   | Found a sparkling altar of Nemelex Xobeh.
 22104 | Lair:4   | Reached ****** piety under Elyvilon
 22697 | Lair:4   | Reached XP level 13. HP: 90/90 MP: 25/25
 23372 | Lair:4   | Found a staircase to the Shoals.
 23433 | Lair:5   | Noticed Snorg
 24428 | Lair:5   | Found a staircase to the Slime Pits.
 24830 | Lair:5   | Killed Snorg
 25078 | Lair:5   | Found a viscous altar of Jiyva.
 25515 | Lair:6   | Entered Level 6 of the Lair of Beasts
 26636 | Lair:6   | Reached skill level 10 in Unarmed Combat
 26681 | Lair:6   | Reached skill level 10 in Dodging
 26981 | Lair:6   | Noticed Josephine
 27257 | Lair:5   | Killed Josephine
 27613 | Lair:6   | Reached skill level 10 in Transmutations
 27845 | Lair:6   | Reached XP level 14. HP: 55/98 MP: 27/27
 28075 | Lair:6   | Found an opulent altar of Gozag.
 28207 | Lair:6   | Reached skill level 10 in Fighting
 29211 | Lair:6   | Learned a level 3 spell: Confuse
 29215 | Lair:6   | Learned a level 3 spell: Tukima's Dance
 30353 | D:10     | Reached skill level 1 in Hexes
 30610 | D:11     | Shot with an arrow by a centaur warrior

Skill      XL: |  1  2  3  4  5  6  7  8  9 10 11 12 13 14 |
---------------+-------------------------------------------+-----
Stealth        | 1 2 3 4 |  4.6
Fighting       | 2 3 4 5 6 7 8 9 10 | 10.2
Dodging        | 3 4 5 6 7 8 9 10 | 10.5
Spellcasting   | 3 4 5 6 7 8 9 |  9.6
Transmutations | 3 4 5 6 8 9 10 | 10.2
Unarmed Combat | 4 5 6 7 8 9 10 | 10.5
Ice Magic      | 2 4 |  4.7
Invocations    | 2 5 6 8 9 |  9.1
Hexes          | 1 |  1.3

Action                   |  1- 3 |  4- 6 |  7- 9 | 10-12 | 13-15 || total
-------------------------+-------+-------+-------+-------+-------++-------
Melee: Unarmed           |    69 |   129 |   328 |   614 |   512 ||  1652
       Constrict         |    20 |    32 |    23 |    14 |     6 ||    95
       Tentacles         |    16 |    17 |    23 |    14 |    13 ||    83
       Kick              |     5 |    14 |     1 |       |       ||    20
       Punch             |     1 |     4 |     9 |     4 |     2 ||    20
 Fire: Blowgun           |       |       |       |     4 |       ||     4
 Cast: Beastly Appendage |     8 |    11 |     2 |       |       ||    21
       Sticks to Snakes  |     2 |     3 |    11 |    35 |    38 ||    89
       Spider Form       |       |     8 |    21 |     8 |     7 ||    44
       Ice Form          |       |       |     6 |    57 |    50 ||   113
       Blade Hands       |       |       |       |     4 |       ||     4
 Abil: End Transformatio |       |       |       |       |     6 ||     6
Evoke: Wand              |       |       |       |       |    28 ||    28
  Use: Potion            |     1 |       |       |     2 |     2 ||     5
       Scroll            |       |     8 |     7 |    14 |     7 ||    36
 Stab: Sleeping          |     2 |     7 |     7 |    14 |       ||    30
       Distracted        |       |     2 |     1 |     5 |     1 ||     9
  Eat: Chunk             |     2 |    11 |    23 |    26 |    23 ||    85
       Ration            |       |       |     1 |     6 |     2 ||     9
Armor: Skin              |     7 |     4 |     8 |    56 |    71 ||   146
Dodge: Dodged            |    46 |    88 |   314 |   487 |   515 ||  1450
Block: Other             |       |       |       |       |     8 ||     8
